 Dungeon Crawl Stone Soup version 0.27.1-33-g824d729ab1 (webtiles) character file.

Game seed: 16779165450001596795

11 Descartes the Sneak (level 2, -3/16 HPs)
             Began as a Spriggan Wanderer on Dec 14, 2021.
             Hit by a boomerang thrown by an orc (4 damage)
             ... on level 2 of the Dungeon.
             The game lasted 00:05:36 (898 turns).

Descartes the Sneak (Spriggan Wanderer)              Turns: 898, Time: 00:05:36

Health: -3/16      AC:  2    Str: 12    XL:     2   Next: 17%
Magic:  3/3        EV: 16    Int: 10    God:
Gold:   46         SH:  0    Dex: 13    Spells: 1/1 levels left

rFire    . . .     SeeInvis +   a - +2 dagger
rCold    . . .     Faith    .   (shield restricted)
rNeg     . . .     Spirit   .   e - +0 robe
rPois    .         Reflect  .   (helmet restricted)
rElec    .         Harm     .   (no cloak)
rCorr    .         Rampage  .   (gloves unavailable)
Will     .....                  (boots unavailable)
Stlth    +++.......             (no amulet)
HPRegen  0.05/turn              (no ring)
MPRegen  0.08/turn              (no ring)

@: very quick
A: very small, no large weapons, unfitting armour, see invisible, speed 3
a: no special abilities


You were on level 2 of the Dungeon.
You visited 1 branch of the dungeon, and saw 2 of its levels.

You collected 46 gold pieces.

Inventory:

Hand Weapons
 a - a +2 dagger (weapon)
Missiles
 f - 124 stones (quivered)
 m - 25 sling bullets
Armour
 e - a +0 robe (worn)
Scrolls
 h - a scroll of enchant weapon {unknown}
 i - a scroll of immolation
 k - a scroll of teleportation {unknown}
 l - a scroll of silence {unknown}
Potions
 b - a potion of haste
 c - a potion of lignification
 d - a potion of curing
 g - a potion of might {unknown}
 j - a potion of resistance {unknown}


   Skills:
 - Level 2.4 Fighting
 + Level 1.0 Short Blades
 - Level 1.0 Staves
 + Level 2.0 Dodging
 + Level 4.8 Stealth
 - Level 1.0 Unarmed Combat
 - Level 1.3 Evocations


You had one spell level left.
You didn't know any spells.
Your spell library was empty.

Dungeon Overview and Level Annotations

Branches:
Dungeon (2/15)

Altars:
Wu Jian


Innate Abilities, Weirdness & Mutations

You are very small and have problems with some larger weapons.
You are too small for most types of armour.
You have supernaturally acute eyesight. (SInv)
You cover ground extremely quickly. (Speed+++)


Message History

Found 44 stones, 4 javelins and 12 gold pieces.
There is a stone staircase leading up here.
f - 107 stones (gained 27)
There is a stone staircase leading up here.
Found an escape hatch in the ceiling.
A rat comes into view.
The helpless rat fails to defend itself.
You impale the rat!!
You kill the rat!
No target in view!
f - 124 stones (gained 17)
You now have 46 gold pieces (gained 12).
Found an ornate altar of the Wu Jian Council.
An orc comes into view. It is wielding a +0 hand axe.
An orc comes into view. It is wielding a +0 mace.
The orc shouts!
You hear a shout!
An orc comes into view. It is wielding a +0 whip.
A goblin comes into view. It is wielding a +0 dagger.
The orc shouts! x2; You hear a shout!
A kobold comes into view. It is wielding a +0 short sword.
The orc misses you.
You hit the orc.
The orc is moderately wounded.
The orc hits you with a +0 hand axe.
You closely miss the orc.
The orc is moderately wounded.
The kobold throws a stone.
The stone misses you. The orc misses you. x2
You hit the orc.
The orc is almost dead.
The orc misses you. The orc completely misses you. The orc misses you.
You completely miss the orc.
The orc is almost dead.
The orc closely misses you. The goblin hits you with a +0 dagger.
The orc barely misses you. The kobold misses you.
The orc throws a boomerang.
The boomerang hits you.
* * * LOW HITPOINT WARNING * * *
There is a stone staircase leading up here.
The orc throws a boomerang.
The boomerang hits you.
You die...

#.#####.. #.#####.. .....
#.... ...#.... #..<
#.#.... #.. #...._.
#.#########....
##.(.##...##.o..
...########.....o.......##
.........@.....g...K.o####
##..######................
#.....†.................
#######............###..
####...##...## ..
########## .


You could see an orc and a goblin.

Vanquished Creatures
  3 bats (D:1)
  An endoplasm (D:1)
  A goblin (D:1)
  A hobgoblin (D:1)
  2 ball pythons (D:1)
  2 rats
10 creatures vanquished.

Notes
Turn   | Place    | Note
-------+----------+-------------------------------------------
     0 | D:1      | Descartes the Spriggan Wanderer began the quest for the
                  | Orb.
     0 | D:1      | Descartes set off with the following items: a +2 dagger, a
                  | potion of haste, a potion of lignification, a potion of
                  | curing, a +0 robe
     0 | D:1      | Reached XP level 1. HP: 11/11 MP: 2/2
   466 | D:1      | Reached XP level 2. HP: 16/16 MP: 3/3
   470 | D:1      | Found a faded altar of an unknown god.
   495 | D:1      | Reached skill level 1 in Short Blades
   872 | D:2      | Found an ornate altar of the Wu Jian Council.
   898 | D:2      | Hit by a boomerang thrown by an orc

Illustrated notes

Levels and vault maps discovered:
D:1:      minmay_arrival_wavy_path, layout_loops_ring,
          hellmonk_ecumenical_altar_blasted, minmay_misc_feat_columns,
          minmay_heptomino_o4
D:2:      layout_rooms, serial_shops,
          nicolae_shop_temple_entry_statues_fountains, basic_altar,
          minmay_misc_feat_five, uniq_sigmund

Skill      XL: |  1  2 |
---------------+-------+-----
Short Blades   | 1 |  1.0
Dodging        | 2 |  2.0
Fighting       | |  2.4
Staves         | |  1.0
Stealth        | |  4.8
Unarmed Combat | |  1.0
Evocations     | |  1.3

Action                   || total
-------------------------++-------
Melee: Dagger            ||    24
 Stab: Sleeping          ||     6
Armor: Robe              ||     1
Dodge: Dodged            ||    23
